 Dungeon Crawl Stone Soup version 0.21.1-1-g345015f (webtiles) character file.

73 Kurtz the Insei (level 4, -3/35 HPs)
             Began as a Mummy Monk on Mar 11, 2018.
             Slain by a killer bee zombie (4 damage)
             ... on level 3 of the Dungeon.
             The game lasted 00:01:47 (2138 turns).

Kurtz the Insei (Mummy Monk)                        Turns: 2138, Time: 00:01:48

Health: -3/35      AC:  2    Str: 14    XL:     4   Next: 8%
Magic:  4/4        EV: 13    Int:  9    God:
Gold:   110        SH:  0    Dex: 15    Spells: 3/3 levels left

rFire    x . .     SeeInvis .     - Unarmed
rCold    + . .     Gourm    .   (no shield)
rNeg     + + +     Faith    .   (no armour)
rPois    ∞         Spirit   .   h - +1 helmet
rElec    .         Reflect  .   (no cloak)
rCorr    .         Harm     .   (no gloves)
MR       +....                  (no boots)
Stlth    ++........             (no amulet)
HPRegen  0.11/turn              e - ring of protection from magic
MPRegen  0.09/turn              (no ring)

@: no status effects
A: no food or potions, fire vulnerability, cold resistance 1, negative energy
resistance 3, torment resistance, unbreathing
a: no special abilities


You were on level 3 of the Dungeon.
You were not hungry.

You visited 1 branch of the dungeon, and saw 3 of its levels.

You collected 110 gold pieces.

Inventory:

Missiles
 c - 30 poisoned needles
Armour
 h - a +1 helmet (worn)
Jewellery
 e - a ring of protection from magic (left hand)
 l - a cursed ring of teleportation {unknown}
Scrolls
 a - 4 scrolls of teleportation {unknown}
 b - 2 scrolls of identify {unknown}
 d - 2 scrolls of remove curse {unknown}
 f - a scroll of fear {unknown}
 g - a scroll of amnesia {unknown}
 i - a scroll of blinking {unknown}
 k - a scroll of enchant armour {unknown}
Comestibles
 j - 3 rations (quivered)


   Skills:
 - Level 3.0 Fighting
 - Level 2.4 Dodging
 - Level 1.5 Stealth
 * Level 4.1 Unarmed Combat


You had 3 spell levels left.
You didn't know any spells.

Dungeon Overview and Level Annotations

Branches:
Dungeon (3/15)

Altars:
Yredelemnul


Innate Abilities, Weirdness & Mutations

You do not eat or drink.
Your flesh is vulnerable to fire.
You are immune to poison.
Your flesh is cold resistant. (rC+)
You are immune to negative energy. (rN+++)
You are immune to unholy pain and torment.
You can survive without breathing.


Message History

* * * LOW HITPOINT WARNING * * *
The killer bee zombie barely misses you.
You hit the killer bee zombie but do no damage.
The killer bee zombie is moderately damaged.
The killer bee zombie barely misses you.
Unknown command.
The killer bee zombie barely misses you.
You closely miss the killer bee zombie.
The killer bee zombie is moderately damaged.
The killer bee zombie hits you.
* * * LOW HITPOINT WARNING * * *
The killer bee zombie misses you.
You punch the killer bee zombie!
The killer bee zombie is heavily damaged.
The killer bee zombie barely misses you.
You hit the killer bee zombie.
The killer bee zombie is heavily damaged.
The killer bee zombie hits you but does no damage.
The killer bee zombie hits you.
You die...

#.#.# #.#.####
#.#.# #.#.# #.#
#.#.# #.#####
#.#.#
#.....######.#.#
#####..........#
########.### #.#
#@# #Z# #.# #.#
#.# ... .## . #.


You could see a killer bee zombie.

Vanquished Creatures
  Jessica (D:2)
  An adder (D:2)
  An ooze (D:2)
  A worm (D:3)
  A leopard gecko (D:2)
  A giant cockroach (D:2)
  A hobgoblin (D:2)
  3 jackals (D:2)
  7 kobolds
  A bat (D:2)
  5 frilled lizards
  5 goblins
  4 rats
32 creatures vanquished.

Notes
Turn   | Place    | Note
-------+----------+-------------------------------------------
     0 | D:1      | Kurtz the Mummy Monk began the quest for the Orb.
     0 | D:1      | Reached XP level 1. HP: 18/18 MP: 1/1
   833 | D:2      | Reached XP level 2. HP: 23/24 MP: 2/2
   839 | D:2      | Reached skill level 3 in Unarmed Combat
   984 | D:2      | Found a basalt altar of Yredelemnul.
   999 | D:2      | Noticed Jessica
  1007 | D:2      | Killed Jessica
  1007 | D:2      | Reached XP level 3. HP: 20/29 MP: 3/3
  1250 | D:2      | Reached skill level 4 in Unarmed Combat
  1641 | D:2      | Reached XP level 4. HP: 35/35 MP: 4/4
  2136 | D:3      | HP: 1/35 [killer bee zombie (1)]
  2138 | D:3      | Slain by a killer bee zombie

Skill      XL: |  1  2  3 |
---------------+----------+-----
Unarmed Combat | 3 4 |  4.1
Fighting       | |  3.0
Dodging        | |  2.4
Stealth        | |  1.5

Action                   |  1- 3 |  4- 6 || total
-------------------------+-------+-------++-------
Melee: Unarmed           |    92 |    40 ||   132
       Punch             |     2 |     1 ||     3
 Stab: Sleeping          |     3 |     1 ||     4
Armor: Skin              |     5 |     3 ||     8
Dodge: Dodged            |    47 |    25 ||    72
